 Dungeon Crawl Stone Soup version 0.19.1-1-g22dce08 (webtiles) character file.

3073 McKennaii the Zephyrmancer (level 9, -9/54 HPs)
             Began as a High Elf Air Elementalist on Jan 10, 2017.
             Was an Elder of Sif Muna.
             Mangled by an orc warrior
             ... wielding a +0 short sword
              (16 damage)
             ... on level 5 of the Dungeon.
             The game lasted 00:24:53 (6878 turns).

McKennaii the Zephyrmancer (HEAE)                   Turns: 6878, Time: 00:24:54

Health: -9/54      AC:  2    Str:  7    XL:     9   Next: 58%
Magic:  22/22      EV: 14    Int: 21    God:    Sif Muna [****..]
Gold:   357        SH:  0    Dex: 18    Spells: 5 memorised, 11 levels left

rFire  + . .     SeeInvis +     v - +0 long sword
rCold  . . .     Gourm    .     a - +0 robe
rNeg   . . .     Faith    .     (no shield)
rPois  .         Spirit   .     (no helmet)
rElec  .         Reflect  .     (no cloak)
rCorr  .         Harm     .     (no gloves)
MR     .....                    (no boots)
Stlth  +++.......               (no amulet)
                                r - ring of protection from fire
                                h - ring of see invisible

@: repel missiles
A: no striking features
a: Divine Energy, Channel Magic, Forget Spell, Renounce Religion


You were on level 5 of the Dungeon.
You worshipped Sif Muna.
Sif Muna was greatly pleased with you.
You were not hungry.

You visited 1 branch of the dungeon, and saw 7 of its levels.

You collected 357 gold pieces.

Inventory:

Hand Weapons
 v - a +0 long sword (weapon)
Armour
 a - a +0 robe (worn)
Rods
 A - a +0 rod of ignition (14/14)
   (You found it on level 6 of the Dungeon)
Jewellery
 h - a ring of see invisible (left hand)
 r - a ring of protection from fire (right hand)
 u - an uncursed ring of ice
 y - an uncursed ring of flight
Wands
 s - a wand of lightning (6/15)
 x - a wand of confusion (21/48)
Scrolls
 e - 5 scrolls of amnesia {unknown}
 g - 2 scrolls of enchant weapon {unknown}
 i - 5 scrolls of remove curse
 m - 7 scrolls of identify
 n - 2 scrolls of enchant armour {unknown}
 o - a scroll of teleportation {unknown}
 p - 2 scrolls of recharging {unknown}
 q - 2 scrolls of blinking {unknown}
 w - 2 scrolls of noise {unknown}
 z - 2 scrolls of immolation {unknown}
Potions
 d - 6 potions of curing {unknown}
 j - a potion of resistance
 k - 2 potions of haste
 l - 2 potions of agility {unknown}
 t - 3 potions of brilliance {unknown}
 B - 2 potions of flight {unknown}
Books
 b - a book of Air

   Spells                             Type                      Level
   a - Shock                          Conjuration/Air              1
   b - Swiftness                      Charms/Air                   2
   c - Repel Missiles                 Charms/Air                   2
   d - Static Discharge               Conjuration/Air              3
   e - Lightning Bolt                 Conjuration/Air              5
Comestibles
 c - 5 bread rations
 f - 2 meat rations


   Skills:
 + Level 2.0 Fighting
 + Level 1.7 Long Blades
 + Level 3.7 Dodging
 + Level 3.7 Stealth
 + Level 8.2 Spellcasting
 + Level 8.1 Conjurations
 + Level 0.5 Charms
 + Level 9.2 Air Magic


You had 11 spell levels left.
You knew the following spells:

 Your Spells              Type           Power        Failure   Level  Hunger
a - Shock                 Conj/Air       ####         1%          1    None
b - Swiftness             Chrm/Air       ####....     1%          2    None
c - Repel Missiles        Chrm/Air       ####..       1%          2    None
d - Static Discharge      Conj/Air       #####...     1%          3    None
e - Lightning Bolt        Conj/Air       #####.....   8%          5    #####..


Dungeon Overview and Level Annotations

Branches:
Dungeon (7/15)             Temple (0/1) D:6

Altars:
Cheibriados
Elyvilon
Sif Muna
Zin


Message History

Press: ? - help, Shift-Dir - straight line The zap hits the orc warrior.
The orc warrior appears unharmed.
The zap misses the orc warrior.
The orc warrior hits you with a short sword.
Casting: Shock
Confirm with . or Enter, or press ? or * to list all spells.
Aiming: Shock
Press: ? - help, Shift-Dir - straight line The zap hits the orc warrior.
The orc warrior appears unharmed.
The zap misses the orc warrior.
The orc warrior hits you with a short sword!!
The orc warrior closely misses you.
You riposte.
You hit the orc warrior.
The orc warrior is lightly wounded.
You climb upwards.
There is a stone staircase leading down here.
The orc warrior hits you with a short sword!
* * * LOW HITPOINT WARNING * * *
As you open the door, it creaks loudly!
The orc warrior hits you with a short sword!
You die...

.))#.....#...# ##...#.########
...#.....#p..# #.>.#.#
...#.(⌠..#p..########..#.########
...#.....#...#.........†.........
...#.....#...#......#..#.########
...#.....#...#......#....####
...##...##...#.[.......##...# #
....#...#p...#...o..#####...#####
#...#..)#...##..@##.#...'...'....
#...##.[....##...'..#.###...####.
#....#......##...####'####### #.
#....####..⌠##...#.........# #.
#.......######...#.........# #.
##.........# #...#.........# #.
##.........# #...#.........# ##
###.......## #...#.........# #
###.......# #####.........# #


You could see an orc warrior.

Vanquished Creatures
  Pikel (D:5)
  Grinder (D:5)
  Eustachio (D:6)
  Edmund (D:6)
  2 orc warriors (D:6)
  Duvessa (D:4)
  An ice beast (D:5)
  An ogre (D:4)
  A slave (D:5)
  A phantom (D:5)
  2 centaurs
  Blork the orc (D:4)
  A bullfrog (D:6)
  A gnoll sergeant (D:5)
  Dowan (D:4)
  A scorpion (D:5)
  4 wights (D:4)
  2 howler monkeys (D:4)
  A bullfrog zombie (D:6)
  A hound (D:4)
  3 orc priests (D:6)
  8 orc wizards
  2 iguanas (D:6)
  Natasha (thrice) (D:2)
  3 worker ants
  A killer bee zombie (D:6)
  Robin (D:2)
  A worker ant zombie (D:6)
  3 gnolls (D:5)
  9 adders
  3 oozes
  An adder skeleton (D:4)
  An adder zombie (D:4)
  3 worms (D:2)
  4 dart slugs
  2 leopard geckos (D:3)
  17 orcs
  3 ball pythons
  7 bats
  4 giant cockroaches
  19 goblins
  9 hobgoblins
  8 jackals
  2 quokkas (D:4)
  3 frilled lizards
  A giant cockroach zombie (D:6)
  6 kobolds
  A quokka skeleton (D:5)
  7 rats
161 creatures vanquished.

Vanquished Creatures (others)
  A slave (D:5)
1 creature vanquished.

Grand Total: 162 creatures vanquished

Notes
Turn   | Place    | Note
-------+----------+-------------------------------------------
     0 | D:1      | McKennaii the High Elf Air Elementalist began the quest for the Orb.
     0 | D:1      | Reached XP level 1. HP: 11/11 MP: 4/4
   323 | D:1      | Reached skill level 4 in Air Magic
   323 | D:1      | Reached XP level 2. HP: 17/17 MP: 3/6
   947 | D:2      | Found a glowing silver altar of Zin.
   951 | D:2      | Found a white marble altar of Elyvilon.
   956 | D:2      | Found a deep blue altar of Sif Muna.
   981 | D:2      | Became a worshipper of Sif Muna the Loreminder
  1071 | D:2      | Reached XP level 3. HP: 20/21 MP: 3/7
  1081 | D:2      | Learned a level 2 spell: Swiftness
  1084 | D:2      | Learned a level 2 spell: Repel Missiles
  1191 | D:2      | Noticed Robin
  1284 | D:2      | Killed Robin
  1284 | D:2      | Reached skill level 5 in Air Magic
  1294 | D:1      | Reached XP level 4. HP: 7/27 MP: 0/9
  1496 | D:2      | Noticed Natasha
  1502 | D:2      | Killed Natasha
  1909 | D:2      | Noticed Natasha
  1910 | D:2      | Killed Natasha
  1910 | D:2      | Reached XP level 5. HP: 31/31 MP: 2/11
  2058 | D:2      | Noticed Natasha
  2062 | D:2      | Killed Natasha
  2214 | D:2      | Reached * piety under Sif Muna
  2844 | D:3      | Found a snail-covered altar of Cheibriados.
  2903 | D:3      | Reached skill level 6 in Air Magic
  3408 | D:4      | Reached XP level 6. HP: 35/36 MP: 5/12
  3619 | D:4      | Noticed Blork the orc
  3639 | D:4      | Killed Blork the orc
  3719 | D:4      | Reached XP level 7. HP: 32/42 MP: 11/15
  3720 | D:4      | Noticed Duvessa
  3721 | D:4      | Noticed Dowan
  3742 | D:4      | Reached skill level 5 in Spellcasting
  3744 | D:4      | Killed Duvessa
  3757 | D:4      | Killed Dowan
  3757 | D:4      | Reached ** piety under Sif Muna
  3757 | D:4      | Reached skill level 1 in Fighting
  4348 | D:5      | Entered Level 5 of the Dungeon
  4582 | D:5      | Reached skill level 7 in Air Magic
  4688 | D:5      | Reached skill level 5 in Conjurations
  4688 | D:5      | Reached XP level 8. HP: 37/48 MP: 7/18
  4868 | D:5      | Noticed Pikel
  4904 | D:5      | Killed Pikel
  4904 | D:5      | Reached *** piety under Sif Muna
  4904 | D:5      | Reached skill level 8 in Air Magic
  4988 | D:5      | Noticed Grinder
  4991 | D:5      | Paralysed by Grinder for 2 turns
  5004 | D:5      | Killed Grinder
  5060 | D:5      | Learned a level 3 spell: Static Discharge
  5066 | D:5      | Learned a level 5 spell: Lightning Bolt
  5427 | D:6      | Reached XP level 9. HP: 36/53 MP: 15/21
  5505 | D:6      | Noticed Eustachio
  5617 | D:6      | Killed Eustachio
  5696 | D:6      | Reached skill level 1 in Long Blades
  5791 | D:6      | Found a staircase to the Ecumenical Temple.
  5902 | D:6      | Noticed Edmund
  5912 | D:6      | Killed Edmund
  5912 | D:6      | Reached skill level 9 in Air Magic
  6584 | D:7      | Reached **** piety under Sif Muna
  6878 | D:5      | Mangled by an orc warrior

Skill      XL: |  1  2  3  4  5  6  7  8  9 |
---------------+----------------------------+-----
Air Magic      | 4 5 6 7 8 9 |  9.2
Spellcasting   | 3 4 6 7 8 |  8.2
Conjurations   | 2 3 5 7 8 |  8.1
Stealth        | 3 |  3.7
Fighting       | 1 2 |  2.0
Dodging        | 3 |  3.7
Long Blades    | 1 |  1.7
Charms         | |  0.5

Action                   |  1- 3 |  4- 6 |  7- 9 || total
-------------------------+-------+-------+-------++-------
Melee: Unarmed           |    10 |     7 |       ||    17
       Long sword        |       |       |    14 ||    14
 Cast: Shock             |    65 |   147 |   271 ||   483
       Repel Missiles    |       |     1 |       ||     1
       Lightning Bolt    |       |       |     2 ||     2
       Swiftness         |       |       |     2 ||     2
  Use: Scroll            |       |     1 |     1 ||     2
 Stab: Distracted        |     1 |       |       ||     1
  Eat: Meat ration       |     1 |       |       ||     1
       Bread ration      |       |     1 |     1 ||     2
       Royal jelly       |       |       |     2 ||     2
       Fruit             |       |       |     1 ||     1
Armor: Robe              |     2 |     4 |    13 ||    19
Dodge: Dodged            |    20 |    13 |    75 ||   108
       Deflected         |       |       |     3 ||     3
       Rpst.: Long sword |       |       |    19 ||    19
